 Dungeon Crawl Stone Soup version 0.26.1-11-gd32895ea62 (webtiles) character file.

Game seed: 15814232316416243493

134 ubername the Chiller (level 5, -3/35 HPs)
             Began as a Barachi Ice Elementalist on July 25, 2021.
             Slain by a lemure (6 damage)
             ... led by Pikel
             ... on level 4 of the Dungeon.
             The game lasted 00:09:14 (4888 turns).

ubername the Chiller (Barachi Ice Elementalist)     Turns: 4888, Time: 00:09:14

Health: -3/35      AC:  4    Str:  9    XL:     5   Next: 17%
Magic:  5/10       EV: 12    Int: 16    God:
Gold:   267        SH:  0    Dex: 13    Spells: 4/11 levels left

rFire    . . .     SeeInvis .   c - +1 dagger (venom)
rCold    . . .     Faith    .   (no shield)
rNeg     . . .     Spirit   .   a - +1 robe
rPois    +         Reflect  .   r - +0 hat
rElec    .         Harm     .   g - +0 cloak
rCorr    .         Rampage  .   (no gloves)
Will     .....                  (no boots)
Stlth    ++........             (no amulet)
HPRegen  0.11/turn              n - ring of poison resistance
MPRegen  0.12/turn              (no ring)

@: can't hop, slow
A: +LOS, swims, slowness 1, strong legs 1
a: Hop


You were on level 4 of the Dungeon.
You visited 1 branch of the dungeon, and saw 4 of its levels.

You collected 267 gold pieces.

Inventory:

Hand Weapons
 c - a +1 dagger of venom (weapon)
 k - a +0 short sword
 m - a +0 hunting sling
 q - a cursed +0 dagger
Missiles
 f - 13 poisoned darts
 i - 192 stones (quivered)
Armour
 a - a +1 robe (worn)
 b - a cursed +0 buckler
 g - a +0 cloak (worn)
 r - a +0 hat (worn)
 s - a +0 leather armour
Jewellery
 n - a ring of poison resistance (left hand)
Wands
 l - a wand of random effects (25)
Scrolls
 d - a scroll of blinking
 j - 3 scrolls of enchant weapon
 p - a scroll of enchant armour
 t - a scroll of teleportation
Potions
 e - a potion of lignification {unknown}
 h - a potion of heal wounds {unknown}
 o - a potion of mutation {unknown}


   Skills:
 * Level 0.8 Long Blades
 + Level 0.2 Throwing
 * Level 1.6 Armour
 + Level 2.2 Dodging
 + Level 1.8 Stealth
 * Level 1.3 Shields
 * Level 3.5 Spellcasting
 + Level 5.9 Ice Magic


You had 4 spell levels left.
You knew the following spells:

 Your Spells              Type           Power        Failure   Level
a - Freeze                Ice            84%          1%          1
b - Frozen Ramparts       Ice            42%          4%          3
c - Ozocubu's Armour      Ice            21%          4%          3

Your spell library contained the following spells:

 Spells                   Type           Power        Failure   Level
 Hailstorm                Conj/Ice       12%          45%         4
 Summon Ice Beast         Ice/Summ       12%          45%         4


Dungeon Overview and Level Annotations

Branches:
Dungeon (4/15)
 Temple: D:4-7

Altars:
The Shining One

Annotations:
D:4 Pikel


Innate Abilities, Weirdness & Mutations

You can be seen from farther away. (+LOS)
You can swim through water.
You cover ground slowly.
You can hop short distances.


Message History

Pikel is heavily wounded.
The wall freezes the lemure.
The wall freezes the hound.
The hound barely misses you.
The wall freezes Pikel.
Pikel hits you with a +1 whip of flaming.
* * * LOW HITPOINT WARNING * * *
Pikel burns you.
* * * LOW HITPOINT WARNING * * *
The wall freezes the lemure. x2; The lemure closely misses you.
The heat melts your icy armour.
Okay, then.
Your icy armour and frozen ramparts will break if you move.
Continue?
Hop to where?
Press: ? - help, Dir - move target Your icy armour and frozen ramparts will break if you move.
Continue?
Your icy armour cracks and falls away as you move.
The frozen ramparts melt away as you move.
Boing!
The lemure hits you.
* * * LOW HITPOINT WARNING * * *
The lemure hits you.
You die...

#. #..^....... #######.##
#.###..#### ........5#
#.# #..# #5# #.# #..#
#### #.####.###.##
...####K.......#.#####
...##.######.#......
#.##h# #.#.##### #.@5.#
#.#.# ##.##.# ##5#.#####
######..##.#####........#
#........................
######.##..###.##.#.#####
#......##..# #.##.#.# #
#####..##..# #.##.#.# #
#..##..# #.##.#<# #
#..##..###.##.#.# #


You could see a lemure and a hound.

Vanquished Creatures
  An iguana (D:3)
  2 adders (D:2)
  2 worms
  2 dart slugs
  An orc (D:3)
  2 ball pythons
  7 bats
  A giant cockroach (D:1)
  17 goblins
  14 hobgoblins
  2 jackals (D:1)
  6 kobolds
  A quokka (D:3)
  4 frilled lizards
  5 rats
67 creatures vanquished.

Notes
Turn   | Place    | Note
-------+----------+-------------------------------------------
     0 | D:1      | ubername the Barachi Ice Elementalist began the quest for
                  | the Orb.
     0 | D:1      | Reached XP level 1. HP: 13/13 MP: 3/3
   257 | D:1      | Reached skill level 5 in Ice Magic
   692 | D:1      | Reached XP level 2. HP: 18/19 MP: 3/5
  1722 | D:1      | Reached skill level 1 in Armour
  1722 | D:1      | Reached XP level 3. HP: 23/24 MP: 4/6
  1762 | D:1      | Learned a level 3 spell: Frozen Ramparts
  2092 | D:2      | Reached skill level 1 in Shields
  2746 | D:2      | Reached XP level 4. HP: 30/30 MP: 6/8
  2797 | D:2      | Learned a level 3 spell: Ozocubu's Armour
  3847 | D:3      | Found a glowing golden altar of the Shining One.
  4163 | D:3      | Reached XP level 5. HP: 18/35 MP: 3/10
  4857 | D:4      | Noticed a lemure
  4857 | D:4      | Noticed a lemure
  4875 | D:4      | Noticed Pikel
  4875 | D:4      | Noticed a lemure
  4875 | D:4      | Noticed a lemure
  4888 | D:4      | Slain by a lemure

Illustrated notes

Levels and vault maps discovered:
D:1:      dpeg_chamrin_arrival_tetris, layout_loops_corners
D:2:      cheibrodos_greedy_goblins, layout_basic, grunt_ministairs_3
D:3:      layout_loops_ring, grunt_ministairs_15,
          amcnicky_mini_rare_corridor_liquid, tso_altar
D:4:      layout_loops_ring, portal_sewer_entry_f, elyvilon_altar_1, uniq_pikel

Skill      XL: |  1  2  3  4 |
---------------+-------------+-----
Ice Magic      | 5 |  5.9
Armour         | 1 |  1.6
Shields        | 1 |  1.3
Spellcasting   | 3 |  3.5
Long Blades    | |  0.8
Throwing       | |  0.2
Dodging        | |  2.2
Stealth        | |  1.8

Action                   |  1- 3 |  4- 6 || total
-------------------------+-------+-------++-------
Melee: Dagger            |     2 |    33 ||    35
       Short sword       |    22 |     1 ||    23
Throw: Boomerang         |       |    24 ||    24
       Stone             |       |     9 ||     9
 Cast: Freeze            |    28 |     4 ||    32
       Frozen Ramparts   |     7 |    13 ||    20
       Ozocubu's Armour  |       |     7 ||     7
 Abil: Hop               |       |     2 ||     2
  Use: Scroll            |     6 |     5 ||    11
       Potion            |     4 |       ||     4
 Stab: Sleeping          |     2 |     1 ||     3
Armor: Robe              |     7 |     8 ||    15
Dodge: Dodged            |    22 |    29 ||    51
